 Dungeon Crawl Stone Soup version 0.23.2-1-ga50397a6bc (webtiles) character file.

Game seed: 18038744886029857463

1260 Mrkan the Cudgeler (level 8, -6/71 HPs)
             Began as a Minotaur Fighter on May 14, 2019.
             Mangled by an orc warrior
             ... wielding a +0 glaive
              (16 damage)
             ... on level 6 of the Dungeon.
             The game lasted 00:12:42 (5263 turns).

Mrkan the Cudgeler (Minotaur Fighter)               Turns: 5263, Time: 00:12:43

Health: -6/71      AC: 12    Str: 20    XL:     8   Next: 27%
Magic:  7/7        EV:  4    Int:  7    God:
Gold:   368        SH: 10    Dex: 11    Spells: 7/7 levels left

rFire    . . .     SeeInvis .   i - +2 whip (flame)
rCold    . . .     Gourm    .   c - +0 shield
rNeg     . . .     Faith    .   t - +0 plate armour
rPois    .         Spirit   .   (helmet restricted)
rElec    .         Reflect  .   (no cloak)
rCorr    .         Harm     .   (no gloves)
MR       .....                  (no boots)
Stlth    ..........             (no amulet)
HPRegen  0.21/turn              (no ring)
MPRegen  0.10/turn              (no ring)

@: lightly drained
A: retaliatory headbutt, horns 2
a: no special abilities


You were on level 6 of the Dungeon.
You were very hungry.

You visited 1 branch of the dungeon, and saw 6 of its levels.

You collected 368 gold pieces.

Inventory:

Hand Weapons
 a - a +0 flail
 i - a +2 whip of flaming (weapon)
Armour
 b - a +0 scale mail
 c - a +0 shield (worn)
 t - a +0 plate armour (worn)
Jewellery
 o - an uncursed ring of positive energy
Wands
 k - a wand of random effects (15)
Scrolls
 e - a scroll of fear {unknown}
 g - 3 scrolls of identify
 h - a scroll of magic mapping {unknown}
 j - a scroll of random uselessness {unknown}
 m - 3 scrolls of teleportation {unknown}
 n - 3 scrolls of remove curse {unknown}
 q - a scroll of amnesia {unknown}
 r - a scroll of fog {unknown}
Potions
 d - a potion of might
 l - a potion of ambrosia
 p - a potion of brilliance {unknown}
Comestibles
 f - 3 rations


   Skills:
 + Level 6.5(6.1) Fighting
 * Level 7.9(7.5) Maces & Flails
 + Level 6.4(6.1) Armour
 + Level 6.4(6.1) Shields


You had 7 spell levels left.
You didn't know any spells.
Your spell library contained the following spells:

 Spells                   Type           Power        Failure   Level  Hunger
 Corpse Rot               Necr           N/A          100%        2    ###....
 Spectral Weapon          Hex/Chrm       #.......     100%        3    ####...
 Vampiric Draining        Necr           #.........   100%        3    ####...
 Deflect Missiles         Chrm/Air       #.........   100%        6    #######
 Simulacrum               Ice/Necr       #.........   100%        6    #######


Dungeon Overview and Level Annotations

Branches:
Dungeon (6/15)
 Temple: D:4-7

Altars:
Elyvilon
Hepliaklqana
Qazlal
Vehumet
Xom
Zin
The Shining One


Innate Abilities, Weirdness & Mutations

You reflexively headbutt those who attack you in melee.
You have a pair of horns on your head.


Message History

You hit the orc warrior but do no damage.
The orc warrior is lightly wounded.
The orc warrior hits you with a +0 glaive!
You block the orc priest's attack.
You closely miss the orc warrior.
The orc warrior is lightly wounded.
The orc priest hits you but does no damage.
You feel drained.
The orc warrior hits you but does no damage.
You hit the orc warrior but do no damage.
You headbutt the orc warrior, but do no damage.
The orc warrior is lightly wounded.
You hit the orc warrior but do no damage.
Your headbutt misses the orc warrior.
The orc warrior is lightly wounded.
The orc priest mumbles some strange prayers to Beogh against you.
Pain shoots through your body!
* * * LOW HITPOINT WARNING * * *
The orc warrior hits you with a +0 glaive!
You die...

#.....###.# #.# .. ..#
..........# #. .# .#
#......##.# ##+#
#....#.##.# #..#
#.........# #o.#
.......##)# ##########
#......##.#####..o.....#
##.##.....[[...o######.#
#..##.###.######@o.....#
#.###.#.....# #.##.##^#
......#.....# #.##.##.#
#.##<##.....# #.#)o##.#
#. #.##.....# #....o.#.#
.. #.##.....# #...=#.#.#
## #.######## #.... ...#
#.# .....# .### ..#
###..# .#


You could see an orc warrior and an orc priest.

Vanquished Creatures
  4 big kobolds (D:4)
  3 scorpions
  3 crimson imps (D:5)
  2 orc priests (D:5)
  3 hounds (D:5)
  Jessica (D:3)
  10 orc wizards
  A worker ant (D:6)
  5 gnolls (D:4)
  3 adders
  A howler monkey skeleton (D:4)
  A shadow imp (D:5)
  An ooze (D:3)
  3 dart slugs (D:1)
  2 leopard geckos
  13 orcs
  4 giant cockroaches
  31 goblins
  29 hobgoblins
  11 jackals
  13 kobolds
  A quokka (D:2)
  6 bats
  6 frilled lizards
  A jackal skeleton (D:5)
  A quokka zombie (D:6)
  3 rats
162 creatures vanquished.

Vanquished Creatures (others)
  An orc wizard (D:5)
1 creature vanquished.

Grand Total: 163 creatures vanquished

Notes
Turn   | Place    | Note
-------+----------+-------------------------------------------
     0 | D:1      | Mrkan the Minotaur Fighter began the quest for the Orb.
     0 | D:1      | Reached XP level 1. HP: 19/19 MP: 0/0
   180 | D:1      | Reached XP level 2. HP: 27/27 MP: 1/1
   209 | D:1      | Reached skill level 3 in Maces & Flails
   633 | D:2      | Reached XP level 3. HP: 24/33 MP: 2/2
   745 | D:2      | Found a white marble altar of Elyvilon.
  1306 | D:3      | Reached XP level 4. HP: 40/40 MP: 3/3
  1326 | D:3      | Found a glowing golden altar of the Shining One.
  1738 | D:3      | Noticed Jessica
  1749 | D:3      | Killed Jessica
  1749 | D:3      | Reached skill level 4 in Maces & Flails
  1754 | D:3      | Found a glowing silver altar of Zin.
  2390 | D:4      | Reached XP level 5. HP: 46/47 MP: 4/4
  3020 | D:4      | Reached skill level 5 in Maces & Flails
  3020 | D:4      | Reached XP level 6. HP: 29/55 MP: 5/5
  3023 | D:4      | Reached skill level 5 in Fighting
  3023 | D:4      | Reached skill level 5 in Armour
  3023 | D:4      | Reached skill level 5 in Shields
  3108 | D:4      | HP: 2/56 [big kobold/+0 dagger (1)]
  3131 | D:4      | HP: 1/56 [kobold (3)]
  3187 | D:4      | Reached skill level 6 in Maces & Flails
  3640 | D:5      | Entered Level 5 of the Dungeon
  3667 | D:5      | Reached XP level 7. HP: 28/61 MP: 6/6
  3930 | D:5      | Identified the Guide on Sinister Enhancements
  4137 | D:5      | Found a radiant altar of Vehumet.
  4152 | D:5      | Reached skill level 7 in Maces & Flails
  4353 | D:5      | Found a hazy altar of Hepliaklqana.
  4354 | D:5      | Found a shimmering altar of Xom.
  4354 | D:5      | Noticed a yak
  4355 | D:5      | Noticed a spectral ugly thing
  4355 | D:5      | Noticed a yak
  4437 | D:5      | Reached XP level 8. HP: 55/70 MP: 7/7
  4492 | D:5      | Found a stormy altar of Qazlal.
  5263 | D:6      | Mangled by an orc warrior

Skill      XL: |  1  2  3  4  5  6  7 |
---------------+----------------------+-----
Maces & Flails | 3 4 5 6 7 |  7.9
Armour         | 4 5 6 |  6.4
Fighting       | 4 5 6 |  6.5
Shields        | 4 5 6 |  6.4

Action                   |  1- 3 |  4- 6 |  7- 9 || total
-------------------------+-------+-------+-------++-------
Melee: Flail             |   102 |   215 |       ||   317
       Headbutt          |    12 |    23 |    24 ||    59
       Whip              |       |    18 |   205 ||   223
  Use: Potion            |       |     5 |       ||     5
       Scroll            |       |       |     1 ||     1
  Eat: Chunk             |     1 |     1 |     1 ||     3
       Ration            |       |     2 |     1 ||     3
Armor: Scale mail        |    51 |   139 |    53 ||   243
       Skin              |       |    33 |       ||    33
       Plate armour      |       |       |    25 ||    25
Dodge: Dodged            |    32 |    98 |    41 ||   171
Block: Shield            |    58 |   199 |    71 ||   328
